Map: [ESL] Crimson Court

Players

Elazer - Winner!

  • Race: Zerg Zerg
  • Spawn Location: 1:00

Krystianer

  • Race: Protoss Protoss
  • Spawn Location: 7:00

Event: ESL SC2 Masters 2024 Spring (Regional)

VOD

Have the link to the VOD?

Description

Time

  • Played on: April 26, 2024, 12:11 p.m.
  • Length: 19:13

All games in this series

Show
View Real Time Build Order
Export as new Build Order

Elazer Zerg - Winner!

Build Orders: Hatch First, Lurkers 

Get SALT Encoding   

  12  0:00  Drone  
  13  0:12  Overlord  
  13  0:16  Drone  
  14  0:30  Drone x2  
  16  0:48  Hatchery  
  15  0:51  Drone  
  15  0:55  Drone  
  17  0:58  Drone  
  18  1:09  Extractor  
  17  1:12  Spawning Pool  
  17  1:16  Drone  
  17  1:20  Drone  
  18  1:28  Drone  
  19  1:38  Drone  
  20  1:50  Drone  
  21  2:00  Queen x2  
  21  2:01  Zergling x2  
  26  2:02  Overlord  
  26  2:10  Drone  
  26  2:11  Drone  
  26  2:12  Metabolic Boost  
  28  2:23  Drone x2  
  30  2:38  Queen  
  30  2:41  Hatchery  
  30  2:42  Drone  
  32  2:44  Overlord  
  32  2:49  Zergling x4  
  34  2:58  Zergling x2  
  34  2:59  Drone  
  36  3:06  Drone x2  
  36  3:08  Queen  
  36  3:09  Overlord  
  36  3:12  Drone x2  
  42  3:19  Drone x2  
  44  3:28  Drone x2  
  44  3:30  Queen  
  48  3:39  Overlord  
  48  3:41  Drone x4  
  52  3:53  Drone x4, Queen  
  58  3:57  Drone x2  
  60  4:05  Overlord  
  60  4:06  Drone  
  61  4:12  Drone  
  61  4:13  Drone x3  
  65  4:19  Drone  
  65  4:22  Drone  
  65  4:23  Overlord  
  66  4:25  Drone x2  
  66  4:26  Drone x2  
  66  4:27  Queen  
  66  4:29  Roach Warren  
  66  4:30  Drone  
  72  4:36  Drone  
  73  4:39  Drone  
  73  4:45  Overlord  
  74  4:48  Drone x4  
  74  4:49  Lair  
  74  4:50  Extractor x2  
  74  4:51  Extractor, Drone  
  76  4:53  Drone  
  76  4:55  Overlord  
  76  4:56  Drone x2  
  76  4:57  Queen  
  76  4:59  Overlord  
  81  5:00  Drone  
  81  5:03  Extractor x2  
  81  5:06  Drone x3  
  83  5:08  Overlord  
  83  5:10  Roach x2  
  83  5:13  Overlord  
  87  5:19  Roach  
  89  5:24  Overlord  
  89  5:29  Roach  
  89  5:30  Roach x2  
  95  5:38  Overlord  
  95  5:41  Drone x5  
  97  5:52  Drone x7  
  104  5:57  Overlord  
  104  5:58  Infestation Pit  
  103  6:05  Overlord, Drone x7  
  110  6:13  Overlord, Glial Reconstitution  
  110  6:14  Roach x3  
  110  6:16  Overlord  
  116  6:21  Hydralisk Den  
  115  6:32  Overseer  
  114  6:34  Overlord  
  114  6:42  Hive  
  114  6:44  Overlord  
  114  6:48  Hatchery  
  114  6:49  Hydralisk x8  
  132  6:54  Drone x6  
  132  6:56  Grooved Spines  
  135  7:02  Hydralisk x2  
  139  7:19  Hydralisk x6  
  151  7:23  Drone x5  
  156  7:30  Spore Crawler  
  156  7:31  Lurker Den  
  156  7:32  Evolution Chamber, Unknown  
  156  7:33  Hydralisk x2  
  156  7:34  Overlord  
  156  7:35  Overlord x2  
  156  7:36  Spore Crawler  
  156  7:37  Drone  
  156  7:50  Overlord  
  156  7:57  Hydralisk x7  
  160  8:09  Overlord  
  160  8:15  Roach x10  
  176  8:21  Roach x3  
  182  8:32  Roach x6  
  178  8:44  Hatchery  
  178  8:45  Seismic Spines  
  178  8:47  Extractor  
  172  8:51  Spine Crawler  
  171  9:06  Lurker x4  
  171  9:07  Overlord  
  171  9:08  Drone  
  176  9:12  Zerg Missile Weapons Level 1  
  176  9:14  Spine Crawler  
  176  9:15  Spine Crawler x2  
  176  9:16  Spine Crawler, Drone  
  173  9:18  Lurker  
  173  9:19  Spine Crawler  
  173  9:25  Lurker  
  173  9:27  Drone x6  
  180  9:36  Hatchery  
  175  9:39  Unknown  
  171  9:52  Unknown, Hatchery  
  165  9:55  Hydralisk  
  165  9:56  Hydralisk x8  
  181  10:07  Lurker  
  181  10:08  Lurker x2  
  181  10:12  Hatchery  
  161  10:24  Lurker x2  
  157  10:30  Zergling x16, Lurker  
  157  10:31  Zergling x24  
  178  10:52  Hydralisk x8  
  178  10:53  Hydralisk  
  196  11:00  Adaptive Talons  
  188  11:09  Hydralisk x4  
  162  11:17  Zergling x12  
  157  11:25  Lurker  
  158  11:26  Lurker x2  
  160  11:33  Lurker  
  160  11:35  Zergling x8, Lurker  
  160  11:36  Zergling x12  
  160  11:39  Overseer  
  172  11:43  Pneumatized Carapace  
  172  11:46  Extractor  
  171  11:49  Extractor  
  171  11:53  Muscular Augments  
  170  11:56  Hydralisk x2  
  170  11:57  Hydralisk x2  
  178  12:12  Hydralisk x7  
  181  12:30  Hydralisk x8  
  181  12:36  Hydralisk x3  
  190  12:40  Overseer  
  188  12:49  Lurker  
  178  12:57  Drone x12  
  184  13:00  Spore Crawler  
  184  13:01  Hydralisk  
  184  13:02  Hydralisk x7, Hatchery  
  184  13:03  Spore Crawler  
  184  13:05  Overseer  
  191  13:14  Zerg Missile Weapons Level 2  
  191  13:17  Hydralisk x3  
  191  13:18  Hydralisk  
  199  13:21  Zergling x2  
  182  13:45  Zergling x24  
  192  13:55  Hydralisk  
  166  14:01  Hydralisk x4  
  174  14:13  Nydus Network  
  172  14:28  Lurker x3  
  172  14:29  Lurker  
  176  14:40  Drone x2  
  176  14:41  Drone  
  176  14:43  Spore Crawler x2, Adrenal Glands, Drone x3  
  180  14:47  Spore Crawler  
  180  14:48  Spore Crawler  
  178  14:53  Lurker x2  
  178  14:54  Nydus Canal  
  178  14:59  Spire  
  179  15:02  Lurker x3  
  179  15:05  Hydralisk  
  179  15:06  Hydralisk x7  
  198  15:22  Spore Crawler  
  198  15:23  Spore Crawler x2  
  198  15:24  Spore Crawler x2  
  198  15:26  Spore Crawler  
  198  15:28  Spore Crawler  
  191  15:30  Hydralisk  
  191  15:31  Hydralisk x3  
  191  15:33  Zerg Missile Weapons Level 3  
  199  15:37  Extractor x2  
  184  15:50  Hatchery  
  184  15:52  Drone x3  
  184  15:53  Spine Crawler, Spore Crawler x2, Drone x4  
  184  15:54  Spine Crawler  
  184  15:55  Spore Crawler  
  184  15:56  Drone x4  
  184  15:57  Spore Crawler, Drone  
  190  15:58  Spore Crawler x2  
  187  16:04  Overseer x3  
  187  16:05  Spine Crawler x2  
  187  16:11  Corruptor x7  
  185  16:14  Zerg Flyer Weapons Level 1  
  199  16:21  Spore Crawler  
  199  16:22  Spore Crawler x3  
  199  16:24  Corruptor x3  
  199  16:25  Spore Crawler  
  197  16:32  Spore Crawler  
  195  16:33  Spore Crawler x2  
  195  16:34  Spore Crawler  
  195  16:38  Spore Crawler  
  191  16:56  Evolution Chamber  
  190  17:02  Spore Crawler x2  
  190  17:04  Spore Crawler  
  181  17:21  Corruptor x4  
  181  17:22  Corruptor x6  
  199  18:17  Corruptor  
Show
View Real Time Build Order
Export as new Build Order

Krystianer Protoss 

Build Orders: 1 Gate Expand, Oracle Opening, Archon Immortal, Carriers, Archon Drop 

Get SALT Encoding   

  12  0:00  Probe  
  13  0:12  Probe  
  14  0:17  Pylon  
  14  0:24  Probe (Chrono Boost)  
  15  0:36  Probe (Chrono Boost)  
  15  0:37  Gateway  
  16  0:44  Probe (Chrono Boost)  
  16  0:46  Assimilator  
  17  0:50  Probe  
  18  1:03  Probe  
  19  1:15  Probe  
  20  1:23  Nexus  
  20  1:34  Cybernetics Core  
  20  1:36  Probe  
  21  1:41  Assimilator  
  21  1:49  Probe  
  21  1:52  Pylon  
  23  2:01  Probe  
  23  2:07  Adept (Chrono Boost)  
  23  2:13  Probe  
  26  2:16  Stargate  
  26  2:22  Warp Gate  
  26  2:25  Probe  
  27  2:32  Pylon, Adept (Chrono Boost)  
  29  2:42  Probe (Chrono Boost)  
  31  2:44  Probe (Chrono Boost)  
  31  2:50  Probe (Chrono Boost)  
  33  2:52  Probe (Chrono Boost)  
  33  2:57  Probe  
  36  3:00  Oracle (Chrono Boost)  
  36  3:03  Probe  
  40  3:09  Probe  
  40  3:12  Pylon  
  41  3:15  Probe  
  40  3:21  Probe  
  41  3:28  Probe  
  41  3:29  Gateway  
  41  3:31  Assimilator  
  41  3:33  Assimilator  
  41  3:34  Probe (Chrono Boost)  
  43  3:36  Robotics Facility  
  44  3:45  Probe (Chrono Boost)  
  44  3:46  Probe (Chrono Boost)  
  44  3:47  Twilight Council  
  45  3:52  Probe (Chrono Boost)  
  45  3:54  Probe (Chrono Boost)  
  47  4:00  Probe  
  48  4:03  Gateway  
  48  4:04  Gateway  
  48  4:05  Probe  
  49  4:11  Pylon  
  49  4:12  Probe  
  49  4:17  Probe  
  51  4:20  Warp Prism (Chrono Boost)  
  53  4:28  Templar Archives  
  53  4:35  Pylon  
  53  4:45  Nexus  
  53  4:46  Probe  
  53  4:47  Probe  
  55  4:56  Forge  
  55  4:58  Probe  
  55  4:59  Probe  
  57  5:02  Pylon  
  57  5:05  High Templar x4  
  65  5:09  Archon x2  
  65  5:10  Probe  
  65  5:11  Probe  
  67  5:18  Immortal (Chrono Boost)  
  71  5:22  Probe  
  71  5:25  Pylon, Probe  
  73  5:34  Probe  
  74  5:37  Probe  
  75  5:46  Probe  
  77  5:50  Probe  
  77  5:52  Immortal (Chrono Boost)  
  77  5:53  Protoss Ground Weapons Level 1  
  81  5:57  Sentry x3  
  81  5:59  Probe  
  81  6:00  Probe  
  81  6:02  Probe  
  90  6:07  Pylon  
  90  6:09  Gateway  
  90  6:11  Probe, Gateway  
  91  6:15  Probe  
  91  6:17  Immortal (Chrono Boost), Probe  
  97  6:21  Assimilator  
  97  6:22  Assimilator  
  97  6:23  Probe  
  98  6:27  Probe  
  98  6:29  Probe  
  98  6:31  Zealot  
  102  6:35  Probe  
  102  6:37  Charge (Chrono Boost)  
  102  6:39  Photon Cannon  
  103  6:40  Gateway  
  103  6:43  Gateway  
  103  6:49  Immortal (Chrono Boost)  
  107  6:56  Robotics Facility  
  107  6:57  Pylon  
  107  6:58  Pylon  
  107  7:01  Shield Battery  
  107  7:02  High Templar  
  107  7:05  Pylon  
  107  7:06  Pylon x2  
  109  7:17  Immortal (Chrono Boost)  
  109  7:20  High Templar  
  109  7:21  Zealot x4  
  123  7:24  Archon  
  123  7:38  Zealot x3  
  123  7:42  Observer (Chrono Boost), Nexus  
  129  7:49  Probe  
  130  7:52  Probe  
  130  7:56  Probe  
  130  7:57  Nexus  
  132  7:59  Pylon, Protoss Ground Weapons Level 2  
  132  8:04  Probe  
  133  8:08  Zealot x8  
  149  8:15  Pylon  
  149  8:18  Probe  
  149  8:19  Immortal (Chrono Boost)  
  150  8:32  Probe  
  139  8:37  High Templar x5  
  139  8:38  Zealot x2, High Templar  
  149  8:42  Probe  
  149  8:45  Immortal (Chrono Boost)  
  149  8:46  Psionic Storm  
  145  8:51  Probe  
  145  8:53  Probe  
  137  8:57  Shield Battery  
  137  8:58  Photon Cannon, Probe  
  137  9:00  Immortal (Chrono Boost)  
  142  9:10  Zealot x2  
  142  9:11  Zealot x2  
  150  9:17  Observer (Chrono Boost)  
  150  9:18  High Templar x2  
  150  9:19  Zealot x2  
  159  9:26  Probe  
  159  9:28  Probe  
  159  9:29  Assimilator, Probe  
  162  9:35  Zealot x4  
  162  9:38  Probe  
  167  9:40  Zealot x2  
  159  9:46  Probe  
  159  9:49  Immortal (Chrono Boost)  
  160  9:56  Zealot x5  
  160  9:59  Probe  
  165  10:00  Archon  
  157  10:08  Zealot x3  
  157  10:09  Immortal (Chrono Boost)  
  152  10:25  Assimilator, Immortal (Chrono Boost)  
  152  10:27  Pylon x2  
  156  10:29  Pylon  
  156  10:33  High Templar x4  
  156  10:34  Zealot x2, High Templar x2  
  172  10:38  Photon Cannon  
  172  10:39  Archon  
  172  10:40  Archon x2, Observer (Chrono Boost)  
  171  10:55  Observer (Chrono Boost), Immortal (Chrono Boost)  
  163  11:10  Observer (Chrono Boost)  
  155  11:12  Zealot x8  
  154  11:22  Stargate  
  154  11:23  Stargate  
  154  11:24  Probe  
  155  11:25  Fleet Beacon  
  155  11:30  Immortal x2 (Chrono Boost)  
  163  11:33  Probe  
  164  11:44  Probe  
  164  11:45  Probe  
  164  11:46  Probe  
  167  11:48  Pylon  
  167  11:50  Zealot x6  
  179  12:00  Probe  
  180  12:09  Tempest (Chrono Boost)  
  180  12:10  Tempest (Chrono Boost)  
  195  12:16  Zealot x2  
  195  12:19  Tempest (Chrono Boost)  
  176  12:34  Zealot x5  
  168  12:38  Observer  
  168  12:41  Zealot  
  160  12:47  Immortal  
  160  12:50  Carrier (Chrono Boost)  
  158  12:54  Zealot x2  
  158  12:55  Zealot  
  175  13:00  Carrier (Chrono Boost)  
  175  13:01  Zealot x2  
  176  13:14  Gateway  
  176  13:16  High Templar x4, Gateway  
  176  13:18  Cybernetics Core  
  182  13:23  Carrier  
  188  13:31  Zealot x2  
  177  13:47  Carrier  
  155  14:13  Nexus  
  155  14:22  High Templar  
  157  14:25  Pylon  
  157  14:26  Pylon  
  157  14:28  Pylon  
  157  14:30  Pylon  
  157  14:40  Protoss Air Weapons Level 1  
  157  14:42  Assimilator  
  157  14:48  Carrier  
  162  14:53  Shield Battery  
  162  15:13  Observer (Chrono Boost), Photon Cannon  
  151  15:30  Zealot x4  
  157  15:52  High Templar x5  
  167  15:57  High Templar x2  
  167  15:58  Archon x2  
  166  16:04  Archon  
  166  16:12  High Templar  
  166  16:14  Assimilator  
  168  16:22  Pylon  
  168  16:24  Pylon  
  168  16:33  Pylon  
  168  16:34  Pylon  
  166  16:48  Carrier (Chrono Boost)  
  172  17:12  Carrier (Chrono Boost)  
  178  17:34  Assimilator  
  178  17:41  Nexus  
  178  17:43  Zealot x3  
  189  18:22  Zealot x6  
  195  18:30  Zealot  
  195  18:31  Zealot  
  177  18:45  Zealot x4  
  169  18:48  Zealot  
Tags
 
Add a new tag
Caveats
  • Supply blocks, unpowered buildings, or Contaminate may cause inaccurate times.
  • Supply counts are checked every 10 seconds.